 Dungeon Crawl Stone Soup version 0.31-a0-198-g2ad674f65e (webtiles) character file.

Game seed: 11559445192486170837

364 qw the Skirmisher (level 6, -1/35 HPs)
             Began as a Deep Elf Hunter on June 25, 2023.
             Slain by a shadow imp (3 damage)
             ... summoned by Eustachio
             ... on level 4 of the Dungeon.
             The game lasted 00:01:01 (3033 turns).

qw the Skirmisher (Deep Elf Hunter)                 Turns: 3033, Time: 00:01:01

Health: -1/35      AC:  5    Str: 10    XL:     6   Next: 39%
Magic:  8/8        EV: 11    Int: 14    God:
Gold:   173        SH:  0    Dex: 18    Spells: 5/5 levels left

rFire   . . .        Y - +1 shortbow
rCold   . . .        (shield currently unavailable)
rNeg    . . .        d - +0 ring mail
rPois   .            (no helmet)
rElec   .            (no cloak)
rCorr   .            (no gloves)
SInv    .            (no boots)
Will    .....        i - amulet of the acrobat
Stlth   +            (no ring)
HPRegen 0.25/turn    (no ring)
MPRegen 0.11/turn

%: acrobat
@: no status effects
A: no striking features
a: no special abilities


You were on level 4 of the Dungeon.
You visited 1 branch of the dungeon, and saw 4 of its levels.

You collected 173 gold pieces.


   Skills:
 - Level 2.1 Fighting
 + Level 9.9 Ranged Weapons
 - Level 2.4 Dodging
 - Level 1.2 Stealth


You had 5 spell levels left.
You didn't know any spells.
Your spell library was empty.

Inventory:

Hand Weapons
 Y - a +1 shortbow (weapon)
Armour
 d - a +0 ring mail (worn)
Jewellery
 h - a ring of protection from cold
 i - an amulet of the acrobat (around neck)
Scrolls
 g - a scroll of blinking {unknown}
Potions
 b - a potion of attraction {unknown}
 c - a potion of curing {unknown}
 e - a potion of degeneration {unknown}
 f - 2 potions of mutation {unknown}

Dungeon Overview and Level Annotations

Branches:
Dungeon (4/15)
 Temple: D:4-7

Altars:
Cheibriados
Kikubaaqudgha

Annotations:
D:4 Eustachio


Message History

You shoot an arrow. The arrow misses Eustachio.
The arrow misses the quasit.
The arrow hits the river rat.
The river rat is lightly wounded.
The crimson imp blinks!
Eustachio casts a spell.
You shoot an arrow.
The arrow hits Eustachio but does no damage.
Eustachio is heavily wounded.
The crimson imp blinks!
Eustachio hits you but does no damage. The rat barely misses you.
You shoot an arrow. The arrow closely misses Eustachio.
The arrow misses the quasit.
The arrow hits the river rat!
The river rat is almost dead.
Eustachio utters an oath, "I will die for my friends!"
Eustachio hits you with a +0 falchion! The rat barely misses you.
You shoot an arrow.
The arrow hits Eustachio but does no damage.
Eustachio is heavily wounded.
Eustachio closely misses you.
You shoot an arrow.
The arrow hits Eustachio but does no damage.
Eustachio is heavily wounded.
Eustachio closely misses you.
You shoot an arrow. The arrow closely misses Eustachio.
The arrow hits the quasit!
The quasit is severely wounded.
The shadow imp gestures at you. Pain shoots through your body!
Eustachio barely misses you.
You shoot an arrow. The arrow hits Eustachio!
Eustachio is severely wounded.
The shadow imp hits you. Eustachio hits you with a +0 falchion!
You shoot an arrow.
The arrow hits Eustachio but does no damage.
Eustachio is severely wounded.
The shadow imp hits you. Eustachio hits you with a +0 falchion!
You shoot an arrow.
The arrow hits Eustachio but does no damage.
Eustachio is severely wounded.
The shadow imp hits you.
You die...

#.##.#
#.##.#
#.##.#
#.#####.##.#
#.....5....#
#..####.####
#r#
#$.####5#
$...r5@@#
...######


You could see Eustachio, a quasit (summoned), a crimson imp (summoned), a river
rat (summoned), a shadow imp (summoned) and a rat (summoned).

Vanquished Creatures
  Sigmund (D:2)
  Ijyb (D:4)
  Natasha (thrice) (D:3)
  3 adders
  2 worms
  A dart slug (D:4)
  3 orcs (D:4)
  6 ball pythons
  5 bats
  6 endoplasms
  3 giant cockroaches
  5 goblins
  5 hobgoblins
  14 jackals
  8 kobolds
  A quokka (D:2)
  A frilled lizard (D:1)
  4 rats
72 creatures vanquished.

Notes
Turn   | Place    | Note
-------+----------+-------------------------------------------
     0 | D:1      | qw the Deep Elf Hunter began the quest for the Orb.
     0 | D:1      | Reached XP level 1. HP: 12/12 MP: 3/3
     0 | D:1      | 0 ||| qw: Version: 0.3-a-22-g0ed2b0b
     0 | D:1      | 0 ||| qw: Game counter: 5117
     0 | D:1      | 0 ||| qw: Melee chars always use a shield: true
     0 | D:1      | 0 ||| qw: God list: Okawaru
     0 | D:1      | 0 ||| qw: Allow faded altars: false
     0 | D:1      | 0 ||| qw: Do Orc after clearing Dungeon:15 true
     0 | D:1      | 0 ||| qw: Do second Lair branch before Depths: true
     0 | D:1      | 0 ||| qw: Lair rune preference: random
     0 | D:1      | 0 ||| qw: Goals: Normal
     0 | D:1      | 0 ||| PLANNING D:1-11
   301 | D:1      | Reached skill level 6 in Ranged Weapons
   301 | D:1      | Reached XP level 2. HP: 16/16 MP: 4/4
   977 | D:1      | 977 ||| UPGRADING to +0 ring mail.
   987 | D:1      | 987 ||| DROPPING +0 leather armour.
   988 | D:1      | 988 ||| READING scroll labelled GARANO AGAOTU.
   989 | D:1      | 989 ||| READING scroll labelled PUONUL ATO.
   990 | D:1      | 990 ||| READING scroll labelled UGIQ ENGYOROIM.
   991 | D:1      | 991 ||| DROPPING scroll of butterflies.
  1032 | D:2      | 1032 ||| STAIRDANCE
  1037 | D:1      | Reached XP level 3. HP: 17/20 MP: 5/5
  1151 | D:2      | Reached skill level 7 in Ranged Weapons
  1350 | D:2      | Noticed Sigmund
  1354 | D:2      | Killed Sigmund
  1355 | D:2      | Reached skill level 9 in Ranged Weapons
  1355 | D:2      | Reached XP level 4. HP: 25/25 MP: 6/6
  1355 | D:2      | Reached XP level 5. HP: 29/29 MP: 7/7
  1671 | D:2      | 1671 ||| READING 2 scrolls labelled OHOOWO ELLONIA.
  1862 | D:3      | Found a snail-covered altar of Cheibriados.
  2005 | D:3      | Noticed Natasha
  2006 | D:3      | 2006 ||| Stepping ~*~*~tactically~*~*~ (outnumbered).
  2013 | D:3      | Killed Natasha
  2128 | D:3      | Noticed Natasha
  2137 | D:3      | Killed Natasha
  2138 | D:3      | Reached XP level 6. HP: 22/35 MP: 8/8
  2146 | D:3      | Noticed Natasha
  2151 | D:3      | Killed Natasha
  2222 | D:3      | Found an ancient bone altar of Kikubaaqudgha.
  2632 | D:3      | 2632 ||| UPGRADING to amulet of the acrobat.
  2637 | D:3      | 2637 ||| READING 2 scrolls labelled XIRI CAULAAGI.
  2638 | D:3      | 2638 ||| READING scroll labelled DITIOC HA ANG.
  2639 | D:3      | 2639 ||| DROPPING scroll of fear.
  2704 | D:4      | Noticed Ijyb
  2728 | D:4      | HP: 8/35 [jackal (1)]
  2729 | D:4      | 2729 ||| READING scroll of teleportation.
  2742 | D:4      | Killed Ijyb
  2743 | D:4      | HP: 8/35 [jackal (2)]
  2790 | D:4      | 2790 ||| FLEEEEING.
  2791 | D:4      | 2791 ||| FLEEEEING.
  2792 | D:4      | 2792 ||| FLEEEEING.
  3013 | D:4      | Noticed Eustachio
  3032 | D:4      | HP: 2/35 [Eustachio/+0 falchion (7)]
  3033 | D:4      | Slain by a shadow imp

Levels and vault maps discovered:
D:1:      dpeg_arrival_round_b, layout_loops_corners
D:2:      layout_loops_cross, uniq_sigmund
D:3:      layout_basic, cheibriados_altar_1, nicolae_overflow_crystal_walls,
          uniq_natasha
D:4:      layout_loops_ring, minmay_temple_entry_statues_fountains, uniq_ijyb,
          uniq_robin, uniq_eustachio

Skill      XL: |  1  2  3  4  5 |
---------------+----------------+-----
Ranged Weapons | 6 9 |  9.9
Fighting       | 2 |  2.1
Dodging        | |  2.4
Stealth        | |  1.2

Action                     |  1- 3 |  4- 6 || total
---------------------------+-------+-------++-------
   Fire: Shortbow          |   112 |   136 ||   248
    Use: Scroll            |     3 |     4 ||     7
 Armour: Leather armour    |     5 |       ||     5
         Ring mail         |    20 |    32 ||    52
  Dodge: Dodged            |    33 |    41 ||    74

Table legend:
 A = Non-vault XP
 B = Vault XP
 C = Vault XP percentage of total XP
 D = Non-vault monster count
 E = Vault monster count
 F = Vault count percentage of total count
                 A         B        C        D         E       F
            +---------+---------+-------+---------+---------+-------
      Total |     232 |     289 |  55.5 |      69 |       3 |   4.2
            +---------+---------+-------+---------+---------+-------
        D:1 |      45 |       0 |   0.0 |      26 |       0 |   0.0
        D:2 |      53 |     214 |  80.1 |      15 |       1 |   6.2
        D:3 |     104 |      36 |  25.7 |      15 |       1 |   6.2
        D:4 |      30 |      39 |  56.5 |      13 |       1 |   7.1
            +---------+---------+-------+---------+---------+-------
